 Dungeon Crawl Stone Soup version 0.31-a0-1074-g0b22e4e0f1 (webtiles) character file.

Game seed: 52394397929319798

1116 croobank the Changeling (level 8, -10/54 HPs)
             Began as an Octopode Shapeshifter on Dec 8, 2023.
             Mangled by an orc warrior
             ... wielding a +0 trident
              (17 damage)
             ... on level 7 of the Dungeon on Dec 9, 2023.
             The game lasted 00:31:04 (4671 turns).

croobank the Changeling (Octopode Shapeshifter)     Turns: 4671, Time: 00:31:05

Health: -10/54     AC:  1    Str: 14    XL:     8   Next: 34%
Magic:  0/8        EV: 14    Int: 14    God:
Gold:   242        SH:  0    Dex: 11    Spells: 7/7 levels left

rFire   . . .        w - +2 short sword (flame)
rCold   . . .        (no shield)
rNeg    . . .        (helmet currently unavailable)
rPois   +            o - amulet of guardian spirit
rElec   .            j - ring of wizardry
rCorr   .            e - ring of poison resistance
SInv    .            (no ring)
Will    .....        (no ring)
Stlth   ++           (no ring)
HPRegen 0.29/turn    (no ring)
MPRegen 0.11/turn    (no ring)
                     (no ring)

%: guardian spirit, wizardry (x1)
@: lethally poisoned (-10 -> -12), beast-form, hasted, very quick
A: beast (slay +3), almost no armour, amphibious, 8 rings, camouflage 1,
gelatinous body 1, (nimble swimmer 1), tentacles
a: Begin Untransformation


You were on level 7 of the Dungeon.
You were a hulking beast.
You visited 1 branch of the dungeon, and saw 7 of its levels.

You collected 242 gold pieces.

Inventory:

Hand Weapons
 i - a +0 short sword
 l - a +0 dagger of electrocution
 w - a +2 short sword of flaming (weapon)
 F - a +4 short sword
Missiles
 x - 2 poisoned darts (quivered)
 B - 3 javelins
Jewellery
 e - a ring of poison resistance (right tentacle)
 j - a ring of wizardry (left tentacle)
 o - an amulet of guardian spirit (around mantle)
Talismans
 b - a beast talisman
 c - a flux talisman
Wands
 k - a wand of roots (6)
 z - a wand of flame (18)
Scrolls
 d - 2 scrolls of teleportation
 n - 2 scrolls of immolation {unknown}
 p - a scroll of fog {unknown}
 q - a scroll of amnesia {unknown}
 u - a scroll of vulnerability {unknown}
 v - a scroll of noise {unknown}
 y - 3 scrolls of brand weapon {unknown}
 A - 2 scrolls of enchant armour {unknown}
 E - 2 scrolls of identify
Potions
 a - a potion of lignification
 f - 2 potions of haste
 g - a potion of curing
 h - 2 potions of ambrosia {unknown}
 m - a potion of invisibility
 r - a potion of heal wounds {unknown}
 s - 2 potions of brilliance
 t - a potion of berserk rage {unknown}
 C - a potion of cancellation {unknown}
 D - a potion of attraction {unknown}


   Skills:
 + Level 4.2 Fighting
 + Level 4.6 Dodging
 + Level 5.2 Unarmed Combat
 * Level 6.2 Shapeshifting


You had 7 spell levels left.
You didn't know any spells.
Your spell library was empty.

Dungeon Overview and Level Annotations

Branches:
Dungeon (8/15)
 Temple: D:4-7         Lair: D:8-11

Altars:
Trog

Shops:
D:2 (   D:4 =


Innate Abilities, Weirdness & Mutations

You are a hulking beast.
Your limbs bulge with bestial killing power. (Slay +3)
You cannot wear most types of armour.
You are amphibious.
You can wear up to eight rings at the same time.
Your skin changes colour to match your surroundings (Stealth+).
Your rubbery body absorbs attacks. (AC +1, EV +1)
((You are camouflaged when in or above water. (Stealth+)))
You have tentacles for arms and can constrict up to eight enemies at once.


Message History

Press: ? - help, Shift-Dir - straight line The roots erupt in riotous growth!
Roots grab the gnoll.
Roots grab the orc warrior.
The grasping roots constrict the gnoll.
The grasping roots constrict the orc warrior, but do no damage.
You feel sick.
You hear a shout!
The orc warrior misses you.
The gnoll unwields a +0 sling.
The gnoll wields a +0 flail.
The gnoll closely misses you.
You hit the gnoll. You burn the gnoll.
The gnoll is severely wounded.
The grasping roots constrict the gnoll.
You kill the gnoll!
The grasping roots constrict the orc warrior.
You feel sick.
The roots release their grip on the orc warrior.
The orc warrior hits you from afar with a +0 trident!
Aiming: Fastroot
Press: ? - help, Shift-Dir - straight line The roots erupt in riotous growth!
Roots grab the orc.
Roots grab the orc warrior.
The grasping roots constrict the orc warrior.
The grasping roots constrict the orc.
You feel sick.
The orc warrior hits you from afar with a +0 trident!
* * * LOW HITPOINT WARNING * * *
The orc closely misses you.
Okay, then.
Okay, then.
You feel yourself speed up.
The grasping roots constrict the orc warrior.
The grasping roots constrict the orc.
You kill the orc!
You feel sick.
The roots release their grip on the orc warrior.
The orc warrior hits you from afar with a +0 trident!
* * * LOW HITPOINT WARNING * * *
You feel sick.
The orc warrior attacks as it pursues you!
The orc warrior hits you from afar with a +0 trident!!
You die...

##........#.....
#....((....... #
.............### .##
..##...........###..##
.## #.......#..#.....#
#................
##................
#...............#
.......###h######
....g.g.#..##..#
...oo...#o.....##
....###.).......# ##..
#........## #.
###......# #.......#
#.......## ##..##...#


You could see an orc warrior.

Vanquished Creatures
  A troll (D:5)
  An ice beast (D:7)
  An ogre (D:5)
  A bullfrog (D:8)
  A scorpion (D:7)
  A jelly (D:5)
  7 hounds
  2 orc priests
  Jessica (D:2)
  2 iguanas
  An orc wizard (D:5)
  6 adders
  3 gnolls (D:7)
  A white imp (D:5)
  2 worms (D:3)
  2 dart slugs
  11 orcs
  3 bats
  6 endoplasms
  2 giant cockroaches
  8 goblins
  8 hobgoblins
  7 kobolds
  3 quokkas
  9 ball pythons
  4 frilled lizards
  6 rats
100 creatures vanquished.

Notes
Turn   | Place    | Note
-------+----------+-------------------------------------------
     0 | D:1      | croobank the Octopode Shapeshifter began the quest for the
                  | Orb.
     0 | D:1      | Reached XP level 1. HP: 13/13 MP: 1/1
    54 | D:1      | Reached XP level 2. HP: 18/18 MP: 2/2
   524 | D:2      | Reached XP level 3. HP: 23/23 MP: 3/3
   752 | D:2      | Reached XP level 4. HP: 23/29 MP: 4/4
  1130 | D:2      | Found Iwnauble's Weapon Shop.
  1263 | D:2      | Noticed Jessica
  1275 | D:2      | Killed Jessica
  1313 | D:2      | Reached XP level 5. HP: 32/34 MP: 5/5
  1520 | D:3      | Reached skill level 4 in Shapeshifting
  1782 | D:3      | Found a faded altar of an unknown god.
  2095 | D:3      | Noticed a moth of wrath
  2098 | D:3      | Found a bloodstained altar of Trog.
  2708 | D:4      | Reached XP level 6. HP: 26/41 MP: 4/6
  3013 | D:4      | Found Etroeven's Jewellery Shop.
  3457 | D:5      | Entered Level 5 of the Dungeon
  3478 | D:5      | Noticed a troll
  3788 | D:5      | Reached skill level 5 in Shapeshifting
  3788 | D:5      | Reached XP level 7. HP: 40/46 MP: 5/7
  3800 | D:5      | Killed a troll
  4066 | D:5      | Reached XP level 8. HP: 48/54 MP: 6/8
  4123 | D:5      | You fall into a shaft and drop 3 floors!
  4209 | D:8      | Noticed a death yak
  4356 | D:8      | Noticed a death yak
  4419 | D:7      | Reached skill level 5 in Unarmed Combat
  4419 | D:7      | Reached skill level 6 in Shapeshifting
  4671 | D:7      | Mangled by an orc warrior

Illustrated notes

Levels and vault maps discovered:
D:1:      minmay_arrival_glassed_features, layout_rooms, st_stairs_3,
          eino_curves_03, minmay_misc_feat_encased,
          chequers_serial_rivers_room_b
D:2:      layout_basic, serial_shops, nicolae_shop_behind_doors,
          minmay_misc_feat_five, uniq_jessica
D:3:      layout_basic, tgw_trog, shapermc_ecumenical_altar_totnotflames,
          corexii_hall_statues_i
D:4:      layout_basic, serial_shops, shop
D:5:      layout_gridville, lemuel_tele_altar, minmay_temple_entry_junction,
          grunt_ministairs_14, serial_bayou_pond_d, minmay_splitting_lines
D:7:      layout_cave_pools, serial_gnoll_camp, gnoll_camp_mini_loothouse,
          gnoll_camp_mini_basic, gnoll_camp_huts_basic,
          gnoll_camp_mini_doghouse, gnoll_camp_mini_shop, st_stairs_9,
          corexii_checkpoint, uniq_duvessa
D:8:      layout_basic, nicolae_gozag_cash_rules_everything_around_me,
          dpeg_lair_monsters, minmay_fractal_squares_5

Skill      XL: |  1  2  3  4  5  6  7  8 |
---------------+-------------------------+-----
Fighting       | 2 3 4 |  4.2
Shapeshifting  | 4 5 6 |  6.2
Dodging        | 3 4 |  4.6
Unarmed Combat | 4 5 |  5.2

Action                     |  1- 3 |  4- 6 |  7- 9 || total
---------------------------+-------+-------+-------++-------
  Melee: Unarmed           |    58 |   111 |     9 ||   178
         Constrict         |     8 |    29 |     5 ||    42
         Tentacles         |     8 |    22 |     6 ||    36
         Punch             |     2 |     9 |     1 ||    12
         Short sword       |       |       |    21 ||    21
  Throw: Dart              |       |     4 |    14 ||    18
         Javelin           |       |     3 |     3 ||     6
  Evoke: Wand              |       |     2 |     3 ||     5
    Use: Scroll            |       |     6 |     1 ||     7
         Potion            |       |     4 |     3 ||     7
   Stab: Sleeping          |     5 |     7 |       ||    12
         Distracted        |     1 |     1 |       ||     2
 Armour: Skin              |    14 |    50 |    37 ||   101
  Dodge: Dodged            |    39 |    48 |    22 ||   109

Table legend: (Time is in decaauts)
 A = Elapsed time spent in this place.
 B = Non-inter-level travel time spent in this place.
 C = Inter-level travel time spent in this place.
 D = Time resting spent in this place.
 E = Time spent auto-exploring this place.
 F = Levels seen in this place.
 G = Mean time per level.
                   A        B        C        D        E       F      G
               +--------+--------+--------+--------+--------+-----+--------+
         Total |   4657 |   4446 |    211 |    893 |   2714 |   7 |  665.3 |
       Dungeon |   4657 |   4446 |    211 |    893 |   2714 |   7 |  665.3 |
               +--------+--------+--------+--------+--------+-----+--------+

Top non-repeatable levels by time:
     D:3: 1219 daAuts
     D:2: 974 daAuts
     D:4: 921 daAuts
     D:5: 523 daAuts
     D:1: 471 daAuts
     D:8: 279 daAuts
     D:7: 267 daAuts
